 Dungeon Crawl Stone Soup version 0.17.0-15-g6d90897 (webtiles) character file.

639 HungrySpirit the Ruffian (level 7, -2/52 HPs)
             Began as a Pale Draconian Transmuter on Nov 11, 2015.
             Slain by a worker ant (7 damage)
             ... on level 4 of the Dungeon.
             The game lasted 00:07:42 (3971 turns).

HungrySpirit the Ruffian (DrTm)                     Turns: 3971, Time: 00:07:42

Health: -2/52      AC:  6    Str: 16      XL:     7   Next: 25%
Magic:  12/12      EV: 12    Int: 15      God:
Gold:   191        SH:  0    Dex: 10 (11) Spells: 3 memorised, 7 levels left

rFire  . . .     SeeInvis .       - Unarmed
rCold  . . .     Clarity  .     (armour unavailable)
rNeg   . . .     SustAt   .     (no shield)
rPois  .         Gourm    .     (helmet restricted)
rElec  .         Spirit   .     (no cloak)
rCorr  .         Warding  .     (no gloves)
rMut   .         Stasis   .     (no boots)
MR     .....                    (no amulet)
Stlth  +.........               (no ring)
                                f - +3 ring of strength

@: lethally poisoned (-2 -> -7), not resistant to hostile enchantments, very
unstealthy
A: breathe steam, unfitting armour, cold-blooded, AC +6
a: Breathe Steam


You were on level 4 of the Dungeon.
You were not hungry.

You visited 1 branch of the dungeon, and saw 5 of its levels.

You collected 191 gold pieces.

Inventory:

Jewellery
 f - a +3 ring of strength (left hand)
 q - an uncursed ring of flight {unknown}
Scrolls
 h - a scroll of identify {unknown}
 j - a scroll of remove curse {unknown}
 k - 3 scrolls of teleportation {unknown}
 m - a scroll of enchant armour {unknown}
 n - a scroll of recharging {unknown}
 o - a scroll of amnesia {unknown}
Potions
 l - 2 potions of brilliance
Books
 b - a book of Changes

   Spells                             Type                      Level
   a - Beastly Appendage              Transmutation                1
   b - Sticks to Snakes               Transmutation                2
   c - Spider Form                    Transmutation/Poison         3
   d - Ice Form                       Ice/Transmutation            4
   e - Blade Hands                    Transmutation                5
Comestibles
 c - a bread ration
 d - 2 beef jerkies


   Skills:
 - Level 1.1 Fighting
 - Level 1.7 Dodging
 * Level 5.9 Unarmed Combat
 + Level 3.5 Spellcasting
 * Level 5.3 Transmutations


You had 7 spell levels left.
You knew the following spells:

 Your Spells              Type           Power        Failure   Level  Hunger
a - Beastly Appendage     Trmt           ###...       1%          1    None
b - Sticks to Snakes      Trmt           ###.......   3%          2    ##.....
c - Spider Form           Trmt/Pois      ##........   21%         3    ###....


Dungeon Overview and Level Annotations

Branches:
Dungeon (5/15)
 Temple: D:4-7

Altars:
Ashenzari
Cheibriados
Dithmenos
Gozag

Annotations:
D:4 Pikel
D:5 Edmund


Innate Abilities, Weirdness & Mutations

You can breathe blasts of scalding, opaque steam.
Your pale cyan-grey scales are hard (AC +6).
Your body does not fit into most forms of armour.
You are cold-blooded and may be slowed by cold attacks.


Message History

Deactivating autopickup; reactivate with Ctrl-A.
Edmund clears his throat.
A sky beast appears from thin air!
Reactivating autopickup.
Edmund says, "People think my brother is the best.
I think he's crazy."
You see here a jackal corpse.
There is a stone staircase leading up here.
You climb upwards.
Level annotation: Pikel The orc misses you.
The worker ant bites you.
* * * LOW HITPOINT WARNING * * *
You are poisoned.
The worker ant poisons you! The quokka skeleton bites you.
* * * LOW HITPOINT WARNING * * *
There is a stone staircase leading down, spattered with blood here.
Drink which item? (? for menu, Esc to quit)
Okay, then.
* * * LOW HITPOINT WARNING * * *
You feel sick. The worker ant bites you!
You die...

############
#..........######
#......#a........
#.....w.>@.......
#......oZ#.......
#..).............
#.........#...?..
##........#......
#()####..#......
#..<............
#......?.#####.#
#..........


You could see a worm, a worker ant, an orc and a quokka skeleton.

Vanquished Creatures
  Eustachio (D:4)
  2 ogres (D:4)
  A hound (D:4)
  An iguana (D:3)
  A worker ant (D:3)
  3 gnolls
  4 adders
  3 worms
  3 giant geckos
  3 orcs (D:3)
  A giant cockroach (D:2)
  3 hobgoblins
  4 jackals (D:5)
  3 kobolds (D:2)
  6 bats
  4 giant newts
  3 goblins
  2 quokkas (D:2)
  7 rats
55 creatures vanquished.

Vanquished Creatures (collateral kills)
  Sigmund (D:3)
  An ogre (D:3)
  2 adders (D:3)
  An orc (D:3)
  A giant cockroach (D:3)
  A goblin (D:3)
7 creatures vanquished.

Vanquished Creatures (others)
  An ogre (D:4)
  A scorpion (D:4)
2 creatures vanquished.

Grand Total: 64 creatures vanquished

Notes
Turn   | Place    | Note
--------------------------------------------------------------
     0 | D:1      | HungrySpirit the Draconian Transmuter began the quest for the Orb.
     0 | D:1      | Reached XP level 1. HP: 16/16 MP: 3/3
   199 | D:1      | You fall through a shaft!
   356 | D:2      | Reached XP level 2. HP: 17/23 MP: 3/5
   905 | D:2      | Reached XP level 3. HP: 19/28 MP: 3/6
  1053 | D:2      | Found an opulent altar of Gozag.
  1344 | D:2      | Found a shattered altar of Ashenzari.
  1651 | D:3      | Learned a level 2 spell: Sticks to Snakes
  1716 | D:3      | Reached skill level 4 in Unarmed Combat
  1716 | D:3      | Reached XP level 4. HP: 35/35 MP: 1/7
  2028 | D:3      | Noticed an ogre
  2112 | D:3      | Killed an ogre
  2112 | D:3      | Reached XP level 5. HP: 3/40 MP: 3/9
  2543 | D:3      | Learned a level 3 spell: Spider Form
  2553 | D:3      | Found a snail-covered altar of Cheibriados.
  2589 | D:3      | Noticed Sigmund
  2604 | D:3      | Killed Sigmund
  3109 | D:3      | Reached XP level 6. HP: 34/47 MP: 10/10
  3224 | D:4      | Reached skill level 5 in Unarmed Combat
  3467 | D:4      | Found a shadowy altar of Dithmenos.
  3528 | D:4      | Noticed Eustachio
  3607 | D:4      | Noticed a slave
  3608 | D:4      | Noticed Pikel
  3608 | D:4      | Noticed a slave
  3613 | D:4      | Noticed a slave
  3613 | D:4      | Noticed a slave
  3614 | D:4      | Noticed an ogre
  3635 | D:4      | Killed Eustachio
  3879 | D:4      | Noticed an ogre
  3879 | D:4      | Noticed an ogre
  3887 | D:4      | Killed an ogre
  3887 | D:4      | Reached skill level 5 in Transmutations
  3887 | D:4      | Your scales start taking on a pale cyan-grey colour.
  3887 | D:4      | Reached XP level 7. HP: 49/52 MP: 7/12
  3894 | D:4      | Killed an ogre
  3900 | D:5      | Entered Level 5 of the Dungeon
  3942 | D:5      | Noticed Edmund
  3971 | D:4      | Slain by a worker ant

Action                   |  1- 3 |  4- 6 |  7- 9 || total
-------------------------+-------+-------+-------++-------
Melee: Unarmed           |    97 |   112 |     9 ||   218
 Cast: Beastly Appendage |    22 |    12 |       ||    34
       Sticks to Snakes  |     2 |    10 |       ||    12
       Spider Form       |       |     5 |     1 ||     6
 Abil: Breathe Steam     |       |       |     2 ||     2
  Use: Potion            |       |     4 |       ||     4
 Stab: Distracted        |     1 |       |       ||     1
       Sleeping          |     1 |       |       ||     1
  Eat: Chunk             |     3 |     6 |       ||     9
       Fruit             |       |     4 |       ||     4
